 Dungeon Crawl Stone Soup version 0.19.0-1-g5985abe (webtiles) character file.

97300 dvd the Carver (level 15, -25/117 HPs)
             Began as a Demonspawn Gladiator on Oct 30, 2016.
             Was the Champion of Qazlal.
             Annihilated by Rupert
             ... wielding a +0 executioner's axe of venom
              (46 damage)
             ... while paralysed by Rupert
             ... on level 15 of the Dungeon on Nov 2, 2016.
             The game lasted 02:02:52 (26491 turns).

dvd the Carver (Demonspawn Gladiator)              Turns: 26491, Time: 02:02:53

Health: -25/117    AC:  7    Str: 25    XL:     15   Next: 71%
Magic:  35/35      EV:  2    Int: 11    God:    Qazlal [******]
Gold:   1351       SH:  0    Dex: 17    Spells: 4 memorised, 15 levels left

rFire  + . .     SeeInvis +     U - +0 scimitar (flame)
rCold  + . .     Gourm    .     (no armour)
rNeg   . . .     Faith    .     X - +2 buckler of Fun {MP+9}
rPois  +         Spirit   .     (helmet restricted)
rElec  +         Reflect  .     F - +0 cloak of the Untouchables {rF+ Str+4 Dex+2}
rCorr  .         Harm     .     A - +0 pair of gloves of Tiub {+Inv rElec}
MR     +....     Clarity  +     L - +0 pair of boots
Stlth  ++........               (no amulet)
                                b - ring of see invisible
                                C - +5 ring of evasion

@: paralysed, protected from physical damage, repel missiles
A: claws 2, horns 2, talons 2, clarity, cold resistance 1, demonic guardian 1,
nightstalker 2, poison resistance, strong 1, wild magic 1
a: Upheaval, Elemental Force, Disaster Area, Renounce Religion, Evoke
Invisibility


You were on level 15 of the Dungeon.
You worshipped Qazlal.
Qazlal was exalted by your worship.
You were hungry.

You visited 4 branches of the dungeon, and saw 24 of its levels.
You also visited: Labyrinth, Sewer and Bailey.

You collected 2532 gold pieces.
You spent 1181 gold pieces at shops.

Inventory:

Hand Weapons
 a - a +1 long sword
 u - a +2 dagger of venom
 P - the +5 hand axe "Kist" {elec, rN+ SInv}
   (You found it on level 4 of the Dungeon)

   Occasionally, upon striking a foe, it will discharge some electrical energy
   and cause terrible harm.
   It protects you from negative energy.
   It lets you see invisible.
 U - a +0 scimitar of flaming (weapon)
 W - the +8 eveningstar of the Orcish Mines {crush, *Noise MR+++}
   (You took it off a minotaur in a labyrinth)

   It inflicts extra damage upon your enemies.
   It affects your resistance to hostile enchantments.
   It may make noises in combat.
 Y - a +2 vampiric short sword
Armour
 w - the +1 ring mail of the Journeyman {rF+ Regen+ Int-3 Dex+2}
   (You found it on level 8 of the Dungeon)

   It affects your intelligence (-3).
   It affects your dexterity (+2).
   It protects you from fire.
   It increases your rate of regeneration.
 A - the +0 pair of gloves of Tiub (worn) {+Inv rElec}
   (You found it in a labyrinth)

   It insulates you from electricity.
   It lets you turn invisible.
 F - the +0 cloak of the Untouchables (worn) {rF+ Str+4 Dex+2}
   (You found it in a bailey)

   It affects your strength (+4).
   It affects your dexterity (+2).
   It protects you from fire.
 L - a +0 pair of boots (worn)
 X - the +2 buckler of Fun (worn) {MP+9}
   (You took it off a minotaur in a labyrinth)

   It affects your magic capacity (+9).
Jewellery
 b - a ring of see invisible (right hand)
 o - the ring of Ikkitu Hyam {rN+ Dex-5 Slay+6 Stlth+}
   (You found it in a bailey)

   [ring of positive energy]

   It affects your dexterity (-5).
   It affects your accuracy and damage with ranged weapons and melee attacks
   (+6).
   It protects you from negative energy.
   It makes you more stealthy.
 C - a +5 ring of evasion (left hand)
 J - an uncursed ring of flight
 N - a ring of the Octopus King {rF+ AC+1 EV+1 Str+1 Int+1 Dex+1}
   (You found it on level 8 of the Dungeon)

   [ring of protection from fire]

   It affects your AC (+1).
   It affects your evasion (+1).
   It affects your strength (+1).
   It affects your intelligence (+1).
   It affects your dexterity (+1).
   It protects you from fire.
 T - an uncursed ring of protection from magic
Wands
 d - a wand of teleportation (4/9)
 s - a wand of flame (19/48)
 y - a wand of iceblast (7/15)
 H - a wand of lightning (6/15)
 M - a wand of confusion (7/48)
 O - a wand of acid (14/15)
 Q - a wand of paralysis (10/24)
Scrolls
 g - 9 scrolls of remove curse
 h - 6 scrolls of enchant weapon
 i - 5 scrolls of identify
 j - a scroll of fog
 k - 6 scrolls of fear
 v - 7 scrolls of teleportation
 z - 5 scrolls of recharging
 B - 2 scrolls of blinking
Potions
 c - a potion of cancellation
 l - a potion of might
 p - a potion of cure mutation
 q - 7 potions of flight
 x - 3 potions of haste
 D - 4 potions of agility
 E - a potion of invisibility
 G - 8 potions of curing
 S - 2 potions of brilliance
 V - 4 potions of heal wounds
 Z - a potion of ambrosia
Books
 n - the Disquisition on Hurtful Execration
   (You found it in a labyrinth)

   Spells                             Type                      Level
   a - Throw Flame                    Conjuration/Fire             2
   b - Ensorcelled Hibernation        Hexes/Ice                    2
   c - Tukima's Dance                 Hexes                        3
   d - Gell's Gravitas                Hexes/Translocation          3
   e - Conjure Ball Lightning         Conjuration/Air              6
   f - Delayed Fireball               Conjuration/Fire             7
 K - a book of Enchantments

   Spells                             Type                      Level
   a - Cause Fear                     Hexes                        4
   b - Yara's Violent Unravelling     Hexes/Transmutation          5
   c - Silence                        Hexes/Air                    5
   d - Deflect Missiles               Charms/Air                   6
   e - Discord                        Hexes                        8
Comestibles
 f - 7 bread rations
 m - 4 beef jerkies
 t - 8 meat rations
 I - 47 fruits


   Skills:
 + Level 10.4 Fighting
 + Level 2.2(10.0) Short Blades
 + Level 14.5(14.6) Long Blades
 + Level 2.0 Throwing
 + Level 7.8 Armour
 + Level 9.8 Dodging
 + Level 5.0 Stealth
 + Level 4.7 Shields
 + Level 7.6 Spellcasting
 + Level 4.6 Charms
 + Level 9.9 Necromancy
 + Level 9.8 Invocations
 + Level 1.4 Evocations


You had 15 spell levels left.
You knew the following spells:

 Your Spells              Type           Power        Failure   Level  Hunger
a - Control Undead        Necr           ####......   6%          4    ####...
b - Regeneration          Chrm/Necr      ####......   4%          3    ###....
c - Vampiric Draining     Necr           ####......   1%          3    ###....
d - Animate Dead          Necr           N/A          6%          4    ####...


Dungeon Overview and Level Annotations

Branches:
Dungeon (15/15)            Temple (1/1) D:5            Lair (6/6) D:11
 Shoals (0/4) Lair:3        Snake (0/4) Lair:4        Slime (0/5) Lair:6
    Orc (2/2) D:10            Elf (0/3) Orc:2        Vaults (0/5) D:13
 Depths: D:15

Altars:
Ashenzari
Cheibriados
Dithmenos
Elyvilon
Fedhas
Gozag
Hepliaklqana
Kikubaaqudgha
Makhleb
Nemelex Xobeh
Okawaru
Qazlal
Ru
Sif Muna
Trog
Uskayaw
Vehumet
Xom
Yredelemnul
Zin
The Shining One
Beogh

Shops:
D:12 !   Orc:2 !?(:}

Annotations:
D:15 Rupert


Innate Abilities, Weirdness & Mutations

You have very sharp fingernails.
You have a pair of horns on your head.
You have razor-sharp toenails.
A weak demonic guardian rushes to your aid.
You are significantly more attuned to the shadows.
You possess an exceptional clarity of mind.
Your flesh is cold resistant. (rC+)
Your system is resistant to poisons. (rPois)
Your muscles are strong. (Str +2)
Your spells are a little harder to cast, but a little more powerful.


Message History

Your white imp freezes the two-headed ogre.
Your ufetubus hits the two-headed ogre.
Your ufetubus barely misses the two-headed ogre.
The two-headed ogre hits you with a giant spiked club!!
You feel protected from physical attacks.
The two-headed ogre hits you with a giant club!
You feel more protected from physical attacks.
Your white imp hits the two-headed ogre.
Your white imp freezes the two-headed ogre.
Your ufetubus disappears in a puff of smoke!
The two-headed ogre hits you with a giant spiked club!
The two-headed ogre hits you with a giant club!
* * * LOW HITPOINT WARNING * * *
Rupert roars madly and goes into a rage!
Rupert goes berserk!
Your quasit bites the two-headed ogre.
Your quasit claws the two-headed ogre but does no damage.
Your quasit claws the two-headed ogre.
Rupert is engulfed in roaring flames.
Rupert hits you with an executioner's axe of venom!!!
You die...

#....# #.# #.#### #.#
.## ##+# #.# ... #...#
#.# ## .....## #.# #
......## ##.## #
...§5.§####...########
....5@§)..............
...§O@(##.#....#######
...§K.###....#.#
.....## #..###.# ....#
#..# #.# #..# #..# #.#
.# #... .# ##.## ..#


You could see Rupert (berserk), a two-headed ogre, a kobold, a friendly quasit
and a friendly white imp.

Vanquished Creatures
  Agnes (D:15)
  A stone giant (Orc:1)
  Nessos (Lair:5)
  Snorg (Lair:4)
  A minotaur (Lab)
  Josephine (Lair:4)
  Erolcha (Orc:2)
  A fire dragon (Lair:6)
  Harold (D:10)
  7 vault guards
  4 hydras
  9 centaur warriors
  An anaconda (Lair:6)
  2 catoblepae (Lair:6)
  An ogre mage (Orc:2)
  The ghost of RudyRod the Blocker, a novice MiFi of Okawaru (D:9)
  The ghost of murphy the Destroyer, a journeyman DECj of Vehumet (Orc:2)
  Sonja (Lair:5)
  8 skeletal warriors (D:15)
  2 unseen horrors (D:15)
  6 hill giants
  Pikel (D:9)
  An orc knight (D:14)
  A lindwurm (Lair:6)
  10 ugly things
  9 orc sorcerers (Orc:2)
  3 cyclopes
  4 manticores
  A manticore (shapeshifter) (D:14)
  An elephant (Lair:6)
  2 centaur zombies
  6 black mambas
  10 spiny frogs
  6 torpor snails (Lair:6)
  A black mamba (shapeshifter) (D:14)
  An efreet (D:14)
  14 komodo dragons
  2 kobold demonologists (D:15)
  4 rime drakes
  7 hornets
  6 trolls
  3 meliai (D:15)
  4 tyrant leeches (Lair:6)
  3 polar bears (Lair:3)
  2 two-headed ogres
  A minotaur skeleton (Lab)
  4 slime creatures
  10 blink frogs
  7 hippogriffs
  7 shadows
  2 vampires
  2 wyverns
  A tarantella (shapeshifter) (D:15)
  3 wraiths
  Grum (D:9)
  7 basilisks
  43 yaks
  3 steam dragons
  3 hungry ghosts
  4 vampire mosquitoes (D:15)
  4 wargs
  A mottled dragon (D:13)
  5 nagas (Lair:4)
  11 porcupines
  18 water moccasins
  26 orc warriors
  6 ice beasts
  4 sky beasts
  An eye of draining (D:8)
  7 phantoms
  2 slaves (D:9)
  4 black bears
  7 ogres
  21 centaurs
  6 wolves
  12 crocodiles
  10 big kobolds
  18 bullfrogs
  2 wyvern zombies
  A gnoll sergeant (D:8)
  4 scorpions
  A wyvern skeleton (D:14)
  16 killer bees
  3 wights (D:6)
  A spriggan skeleton (Lab)
  2 electric eels (Lair:5)
  3 howler monkeys
  4 crimson imps
  8 jellies
  A bullfrog zombie (D:11)
  3 hounds
  3 centaur skeletons
  10 orc priests
  42 orc wizards
  3 bullfrog skeletons
  An iguana (D:4)
  9 worker ants
  A hound zombie (D:11)
  Robin (D:2)
  A howler monkey skeleton (D:6)
  A worker ant zombie (D:6)
  6 gnolls
  20 adders
  14 river rats
  5 shadow imps
  2 oozes
  2 adder skeletons
  An adder zombie (D:8)
  4 worms
  A dart slug (D:2)
  8 leopard geckos
  72 orcs
  5 bats
  6 giant cockroaches
  21 goblins
  11 hobgoblins
  6 jackals
  8 quokkas
  5 ball pythons
  8 frilled lizards
  62 kobolds
  3 leopard gecko skeletons
  28 rats
  19 fungi
  22 plants
875 creatures vanquished.

Vanquished Creatures (collateral kills)
  A vault guard (D:13)
  A skeletal warrior (D:15)
  The ghost of p0werm0de the Martial Artist, a novice TeCK of Xom (D:5)
  A hill giant (D:14)
  A wolf spider zombie (D:15)
  A manticore (D:12)
  2 komodo dragons (Lair:6)
  A troll (D:10)
  A hippogriff (D:7)
  2 yaks
  A wraith (Lair:4)
  A wyvern (D:15)
  A water moccasin (Lair:6)
  A porcupine (Lair:2)
  An orc warrior (D:9)
  3 centaurs (D:14)
  3 big kobolds
  2 bullfrogs
  A scorpion (D:6)
  A killer bee (D:8)
  A jelly (D:12)
  A hound (D:9)
  5 orc wizards
  An adder zombie (D:7)
  An orc (D:14)
  2 goblins (D:12)
  A kobold (D:14)
39 creatures vanquished.

Vanquished Creatures (others)
  A centaur zombie (D:14)
  2 slaves (D:9)
  A river rat (D:11)
  2 kobolds (D:9)
  7 fungi (Lair:6)
  20 plants
33 creatures vanquished.

Grand Total: 947 creatures vanquished

Notes
Turn   | Place    | Note
-------+----------+-------------------------------------------
     0 | D:1      | dvd the Demonspawn Gladiator began the quest for the Orb.
     0 | D:1      | Reached XP level 1. HP: 16/16 MP: 1/1
   413 | D:1      | Reached skill level 3 in Long Blades
   416 | D:1      | Gained mutation: You are slightly more attuned to the shadows. [demonic ancestry]
   416 | D:1      | Reached XP level 2. HP: 22/22 MP: 2/2
  1377 | D:2      | Reached XP level 3. HP: 10/27 MP: 3/3
  1864 | D:2      | Noticed Robin
  1895 | D:2      | Killed Robin
  2162 | D:2      | Gained mutation: You have sharp fingernails. [demonic ancestry]
  2162 | D:2      | Reached XP level 4. HP: 33/33 MP: 4/4
  2171 | D:2      | Found a faded altar of an unknown god.
  2196 | D:2      | Became a worshipper of Qazlal Stormbringer
  2196 | D:2      | Reached * piety under Qazlal
  2535 | D:2      | Reached skill level 4 in Long Blades
  2789 | D:3      | Reached skill level 1 in Armour
  2812 | D:3      | Reached skill level 1 in Stealth
  2812 | D:3      | Gained mutation: A weak demonic guardian rushes to your aid. [demonic ancestry]
  2812 | D:3      | Reached XP level 5. HP: 26/39 MP: 5/5
  2991 | D:3      | Reached ** piety under Qazlal
  3110 | D:3      | You fall through a shaft for 3 floors!
  3239 | D:6      | Gained mutation: You have sharp toenails. [demonic ancestry]
  3239 | D:6      | Reached XP level 6. HP: 13/46 MP: 6/6
  3353 | D:6      | Found a glowing drain.
  3466 | Sewer    | Entered a sewer
  3620 | Sewer    | Reached skill level 5 in Long Blades
  3741 | Sewer    | Reached *** piety under Qazlal
  4091 | D:6      | Reached XP level 7. HP: 44/52 MP: 7/7
  4236 | D:6      | Reached skill level 6 in Long Blades
  4959 | D:6      | Reached XP level 8. HP: 56/60 MP: 8/8
  5065 | D:5      | Entered Level 5 of the Dungeon
  5253 | D:5      | Found a staircase to the Ecumenical Temple.
  5267 | Temple   | Entered the Ecumenical Temple
  5527 | D:5      | Reached skill level 7 in Long Blades
  5564 | D:5      | Noticed p0werm0de's ghost (novice TeCK)
  5576 | D:5      | Killed p0werm0de's ghost
  5661 | D:5      | Reached **** piety under Qazlal
  5782 | D:4      | Reached skill level 8 in Long Blades
  5782 | D:4      | Reached skill level 1 in Invocations
  5912 | D:4      | Got a scorched hand axe
  5913 | D:4      | Identified the +5 hand axe "Kist" {elec, rN+ SInv} (You found it on level 4 of the Dungeon)
  6048 | D:3      | Found an iron altar of Okawaru.
  6765 | D:5      | Reached skill level 5 in Fighting
  6770 | D:5      | Gained mutation: You have a pair of small horns on your head. [demonic ancestry]
  6770 | D:5      | Reached XP level 9. HP: 68/68 MP: 9/9
  6851 | D:4      | Gained mutation: Your muscles are strong. (Str +2) [mutagenic meat]
  6852 | D:4      | Gained mutation: Your system is resistant to poisons. (rPois) [mutagenic meat]
  6853 | D:4      | Gained mutation: Your flesh is cold resistant. (rC+) [mutagenic meat]
  7340 | D:7      | Found a bloodstained altar of Trog.
  7366 | D:7      | Reached skill level 5 in Dodging
  7588 | D:7      | Reached skill level 9 in Long Blades
  7860 | D:7      | Got a smoking ring mail
  7920 | D:7      | Identified the +2 ring mail "Neoff" {+Fly} (You found it on level 7 of the Dungeon)
  7953 | D:7      | Found a white marble altar of Elyvilon.
  7955 | D:7      | Found a shattered altar of Ashenzari.
  7956 | D:7      | Found a glowing silver altar of Zin.
  7958 | D:7      | Found a stormy altar of Qazlal.
  8533 | D:7      | Found a shimmering altar of Xom.
  8535 | D:7      | Found a hazy altar of Hepliaklqana.
  8535 | D:7      | Noticed a hell beast
  8536 | D:7      | Noticed a spectral ugly thing
  8536 | D:7      | Noticed a hell beast
  8599 | D:8      | Noticed a centaur warrior
  8612 | D:8      | Killed a centaur warrior
  8612 | D:8      | Reached XP level 10. HP: 28/76 MP: 7/12
  8615 | D:8      | Reached skill level 10 in Long Blades
  8617 | D:8      | Noticed a cyclops
  8789 | D:7      | Reached skill level 5 in Armour
  9213 | D:8      | Killed a cyclops
  9368 | D:8      | Reached skill level 5 in Invocations
  9427 | D:8      | Got a crude ring mail
  9438 | D:8      | Identified the +1 ring mail of the Journeyman {rF+ Regen+ Int-3 Dex+2} (You found it on level 8 of the Dungeon)
  9607 | D:8      | Got a ring of the Octopus King
  9609 | D:8      | Identified a ring of the Octopus King {rF+ AC+1 EV+1 Str+1 Int+1 Dex+1} (You found it on level 8 of the Dungeon)
  9975 | D:9      | Noticed Pikel
  9992 | D:9      | Killed Pikel
 10348 | D:9      | Noticed RudyRod's ghost (novice MiFi)
 10348 | D:9      | Learned a level 2 spell: Repel Missiles
 10405 | D:9      | Killed RudyRod's ghost
 10405 | D:9      | Gained mutation: You have a pair of horns on your head. [demonic ancestry]
 10405 | D:9      | Reached XP level 11. HP: 44/83 MP: 15/15
 10409 | D:9      | Found a deep blue altar of Sif Muna.
 10554 | D:9      | Noticed Grum
 10568 | D:9      | Killed Grum
 10580 | D:9      | Reached skill level 11 in Long Blades
 10912 | D:10     | Entered Level 10 of the Dungeon
 11046 | D:10     | Found a staircase to the Orcish Mines.
 11285 | D:10     | Learned a level 3 spell: Regeneration
 11403 | D:10     | Noticed Harold
 11417 | D:10     | Killed Harold
 11455 | D:10     | Got a warped ring mail
 11466 | D:10     | Identified the +4 ring mail of Utzip {-Cast rPois rCorr} (You found it on level 10 of the Dungeon)
 11592 | D:10     | Reached skill level 1 in Spellcasting
 11816 | D:10     | Upgraded the game from 0.19-b1-4-gd8a0a2a to 0.19.0-1-g5985abe
 11873 | D:11     | Noticed a hill giant
 11881 | D:11     | Killed a hill giant
 11881 | D:11     | Reached skill level 1 in Charms
 11881 | D:11     | Reached skill level 1 in Necromancy
 11905 | D:11     | Reached ***** piety under Qazlal
 11980 | D:11     | Noticed a hill giant
 11994 | D:11     | Killed a hill giant
 12070 | D:11     | Found a staircase to the Lair.
 12144 | D:11     | Found a burning altar of Makhleb.
 12570 | Lair:1   | Entered Level 1 of the Lair of Beasts
 12707 | Lair:1   | Reached XP level 12. HP: 83/91 MP: 17/17
 13370 | Lair:2   | Reached skill level 12 in Long Blades
 14469 | Lair:3   | Noticed a four-headed hydra
 14497 | Lair:3   | Killed a four-headed hydra
 14787 | Lair:3   | Found a staircase to the Shoals.
 15341 | Lair:4   | Noticed Snorg
 15350 | Lair:4   | Killed Snorg
 15350 | Lair:4   | Reached skill level 1 in Short Blades
 15350 | Lair:4   | Reached skill level 5 in Necromancy
 15431 | Lair:4   | Noticed Josephine
 15438 | Lair:4   | Killed Josephine
 15613 | Lair:4   | Learned a level 3 spell: Vampiric Draining
 15644 | Lair:4   | Found a staircase to the Snake Pit.
 16203 | Lair:5   | Noticed Nessos
 16213 | Lair:5   | Killed Nessos
 16213 | Lair:5   | Gained mutation: You have razor-sharp toenails. [demonic ancestry]
 16213 | Lair:5   | Reached XP level 13. HP: 96/98 MP: 17/19
 16221 | Lair:5   | Noticed Sonja
 16224 | Lair:5   | Killed Sonja
 17112 | Lair:6   | Entered Level 6 of the Lair of Beasts
 17302 | Lair:6   | Found a staircase to the Slime Pits.
 17613 | Lair:6   | Reached skill level 13 in Long Blades
 17620 | Lair:6   | Learned a level 4 spell: Animate Dead
 17625 | Lair:6   | Learned a level 4 spell: Control Undead
 17638 | Lair:6   | Reached skill level 5 in Spellcasting
 17719 | Lair:6   | Found a runed door.
 18220 | Lair:6   | Reached ****** piety under Qazlal
 18446 | Lair:6   | Gained mutation: You have very sharp fingernails. [demonic ancestry]
 18446 | Lair:6   | Reached XP level 14. HP: 87/106 MP: 23/23
 19439 | Orc:1    | Entered Level 1 of the Orcish Mines
 19444 | Orc:1    | Noticed a stone giant
 19457 | Orc:1    | Killed a stone giant
 19526 | Orc:2    | Entered Level 2 of the Orcish Mines
 19534 | Orc:2    | Noticed murphy's ghost (journeyman DECj)
 19614 | Orc:2    | Killed murphy's ghost
 19672 | Orc:2    | Found a roughly hewn altar of Beogh.
 19896 | Orc:2    | Found Vuqagg's Distillery.
 19903 | Orc:2    | Bought a potion of mutation for 37 gold pieces
 19911 | Orc:2    | Bought a potion of heal wounds for 75 gold pieces
 19911 | Orc:2    | Bought a potion of heal wounds for 75 gold pieces
 19979 | Orc:2    | Found a staircase to the Elven Halls.
 20079 | Orc:2    | Found Pasoh's Magic Scroll Shop.
 20202 | Orc:2    | Found a radiant altar of Vehumet.
 20203 | Orc:2    | Noticed Erolcha
 20211 | Orc:2    | Killed Erolcha
 20235 | Orc:2    | Found Umoaf's Antique Weapon Shop.
 20295 | Orc:2    | Paralysed by an orc sorcerer for 7 turns
 20320 | Orc:2    | Found a roughly hewn altar of Beogh.
 20343 | Orc:2    | Found an ancient bone altar of Kikubaaqudgha.
 20359 | Orc:2    | Found Ifias's Book Boutique.
 20375 | Orc:2    | Found Con Esem's Gadget Boutique.
 20584 | Orc:2    | Bought a translucent dagger for 154 gold pieces
 20584 | Orc:2    | Identified the cursed +1 dagger "Ratejueg" {venom, -Tele *Contam Int+9} (You bought it in a shop on level 2 of the Orcish Mines)
 21675 | D:12     | Found a flagged portal.
 21757 | Bailey   | Entered a bailey
 21824 | Bailey   | Got a transparent copper ring
 21826 | Bailey   | Identified the ring of Ikkitu Hyam {rN+ Dex-5 Slay+6 Stlth+} (You found it in a bailey)
 21932 | Bailey   | Found a burning altar of Makhleb.
 21954 | Bailey   | Got a spiked cloak
 21965 | Bailey   | Identified the cursed +0 cloak of the Untouchables {rF+ Str+4 Dex+2} (You found it in a bailey)
 22253 | D:12     | Found Kigoh's Distillery.
 22260 | D:12     | Bought a potion of beneficial mutation for 420 gold pieces
 22260 | D:12     | Bought a potion of beneficial mutation for 420 gold pieces
 22260 | D:12     | Gained mutation: You possess an exceptional clarity of mind. [potion of beneficial mutation]
 22261 | D:12     | Gained mutation: Your spells are a little harder to cast, but a little more powerful. [potion of beneficial mutation]
 22373 | D:13     | Reached skill level 14 in Long Blades
 22547 | D:13     | Reached skill level 1 in Evocations
 22929 | D:13     | Found a gate to the Vaults.
 23522 | D:13     | Reached skill level 1 in Shields
 23559 | D:14     | Gained mutation: You are significantly more attuned to the shadows. [demonic ancestry]
 23559 | D:14     | Reached XP level 15. HP: 115/115 MP: 25/25
 23576 | D:14     | Found a labyrinth entrance.
 23697 | Lab      | Entered a labyrinth
 24210 | Lab      | Got an ichor-stained eveningstar {crush}
 24210 | Lab      | Got a jewelled buckler
 24218 | Lab      | Identified the +2 buckler of Fun {MP+9} (You took it off a minotaur in a labyrinth)
 24221 | Lab      | Identified the +8 eveningstar of the Orcish Mines {crush, *Noise MR+++} (You took it off a minotaur in a labyrinth)
 24296 | Lab      | Identified the Disquisition on Hurtful Execration
 24341 | Lab      | Got a polished short sword
 24341 | Lab      | Got a pair of crude gloves
 24352 | Lab      | Identified the +0 pair of gloves of Tiub {+Inv rElec} (You found it in a labyrinth)
 24904 | D:14     | Reached skill level 10 in Fighting
 25468 | D:15     | Entered Level 15 of the Dungeon
 25539 | D:15     | Noticed Agnes
 26151 | D:15     | Killed Agnes
 26151 | D:15     | Reached skill level 5 in Stealth
 26485 | D:15     | Noticed Rupert
 26485 | D:15     | Paralysed by Rupert for 6 turns
 26491 | D:15     | Annihilated by Rupert

Skill      XL: |  1  2  3  4  5  6  7  8  9 10 11 12 13 14 15 |
---------------+----------------------------------------------+-----
Long Blades    | 3 4 5 6 8 9 10 11 12 13 14 | 14.5
Dodging        | 3 4 5 6 7 8 9 |  9.8
Throwing       | 2 |  2.0
Armour         | 1 2 3 4 5 6 7 |  7.8
Stealth        | 1 2 3 4 5 |  5.0
Fighting       | 3 4 5 6 7 8 9 10 | 10.4
Invocations    | 1 3 6 7 9 |  9.8
Spellcasting   | 2 4 6 7 |  7.6
Charms         | 2 4 |  4.6
Necromancy     | 3 5 7 9 |  9.9
Short Blades   | 1 2 |  2.2
Evocations     | 1 |  1.4
Shields        | 1 4 |  4.7

Action                   |  1- 3 |  4- 6 |  7- 9 | 10-12 | 13-15 || total
-------------------------+-------+-------+-------+-------+-------++-------
Melee: Long sword        |   133 |   267 |   384 |   910 |  1250 ||  2944
       Kick              |       |    31 |    41 |       |       ||    72
       Headbutt          |       |       |    47 |   281 |   570 ||   898
       Dagger            |       |       |       |    14 |    37 ||    51
       Scimitar          |       |       |       |       |   327 ||   327
Throw: Throwing net      |     1 |       |       |       |       ||     1
 Cast: Regeneration      |       |       |       |     6 |    18 ||    24
       Vampiric Draining |       |       |       |     1 |    44 ||    45
       Repel Missiles    |       |       |       |     1 |       ||     1
       Animate Dead      |       |       |       |       |     6 ||     6
       Control Undead    |       |       |       |       |    18 ||    18
Invok: Upheaval          |       |     1 |     6 |     2 |    15 ||    24
       Elemental Force   |       |       |       |     2 |       ||     2
       Disaster Area     |       |       |       |       |     1 ||     1
Evoke: Wand              |       |       |       |     1 |    20 ||    21
  Use: Potion            |     1 |       |    12 |     2 |     9 ||    24
       Scroll            |       |     1 |    13 |     6 |    11 ||    31
 Stab: Sleeping          |     3 |       |       |       |       ||     3
       Held in net/web   |     1 |       |       |       |       ||     1
       Distracted        |       |       |     1 |     2 |    13 ||    16
  Eat: Chunk             |     4 |     7 |    18 |    26 |    42 ||    97
       Royal jelly       |       |       |       |     1 |     1 ||     2
       Beef jerky        |       |       |       |       |     1 ||     1
       Pizza             |       |       |       |       |     3 ||     3
Armor: Leather armour    |     8 |       |       |       |       ||     8
       Ring mail         |    34 |    88 |    99 |   148 |   218 ||   587
       Skin              |       |       |       |     2 |       ||     2
Dodge: Dodged            |    86 |   223 |   255 |   588 |   871 ||  2023
       Deflected         |       |       |     5 |    12 |    28 ||    45
Block: Other             |       |    31 |    82 |   211 |   307 ||   631
       Large shield      |       |       |       |       |   164 ||   164
       Buckler           |       |       |       |       |   235 ||   235
       Rpst.: Long sword |    21 |    65 |    86 |   153 |   180 ||   505
       Scimitar          |       |       |       |       |    36 ||    36
